Map: Dasan Station LE

Players

Zonar

  • Race: Zerg Zerg
  • League: Platinum

Capirex - Winner!

  • Race: Terran Terran
  • League: Gold

VOD

Have the link to the VOD?

Description

Time

  • Played on: Aug. 30, 2016, 3:12 p.m.
  • Length: 8:20
Show
View Real Time Build Order
Export as new Build Order

Zonar Zerg 

Build Orders: Hatch First 

Get SALT Encoding   

  12  0:01  Drone  
  13  0:11  Drone  
  14  0:26  Overlord  
  14  0:45  Hatchery  
  13  0:57  Spawning Pool  
  13  1:01  Drone  
  13  1:19  Drone x3  
  16  1:30  Drone  
  17  1:41  Overlord  
  18  1:54  Zergling x2  
  18  1:58  Zergling x2  
  19  2:10  Spine Crawler  
  18  2:21  Spine Crawler  
  16  2:32  Zergling x4  
  16  2:33  Zergling x8  
  22  2:45  Spine Crawler  
  22  2:47  Queen  
  16  3:32  Zergling x6  
  16  3:33  Zergling x4  
  21  3:42  Zergling x2  
  22  3:57  Drone  
  22  3:58  Drone, Queen  
  22  4:19  Zergling x2  
  22  4:20  Zergling x10  
  22  4:53  Zergling x4  
  22  4:54  Zergling x8  
  28  5:16  Roach Warren  
  23  5:22  Drone x2  
  23  5:23  Drone x4  
  29  5:32  Hatchery  
  28  5:39  Roach Warren, Hatchery  
  26  5:43  Extractor  
  26  5:46  Drone x4, Extractor  
  26  5:47  Drone x2  
  30  6:19  Drone x5  
  30  6:20  Drone  
  30  6:22  Overlord x2  
  35  6:34  Queen  
  32  7:00  Drone x3  
  32  7:01  Drone x3  
  38  7:19  Lair  
  38  7:25  Evolution Chamber  
  38  7:26  Roach x5  
  38  7:29  Overlord  
  47  7:38  Roach  
  47  7:39  Overlord  
  47  7:41  Overlord  
  49  7:53  Roach x4  
Show
View Real Time Build Order
Export as new Build Order

Capirex Terran - Winner!

Build Orders:  

Get SALT Encoding   

  12  0:01  SCV  
  13  0:13  SCV  
  14  0:18  Supply Depot  
  14  0:25  SCV  
  15  0:39  SCV  
  15  0:42  Refinery  
  16  0:44  Barracks  
  16  1:00  SCV  
  17  1:12  SCV  
  18  1:23  Supply Depot  
  18  1:34  Marine  
  18  1:35  Bunker  
  18  1:38  Orbital Command  
  19  1:54  Factory  
  19  1:57  Refinery  
  19  2:00  Marine  
  20  2:18  Marine  
  21  2:29  SCV  
  22  2:34  Barracks  
  22  2:35  Marine  
  22  2:41  Factory Tech Lab  
  22  2:42  SCV  
  23  2:53  Engineering Bay, Marine  
  23  2:57  SCV  
  25  3:00  Siege Tank  
  28  3:11  Marine  
  27  3:43  Supply Depot  
  25  4:07  Supply Depot x2  
  25  4:28  Marine x2  
  25  4:29  Siege Tank  
  30  4:33  SCV  
  31  4:56  Barracks Reactor, Barracks Tech Lab  
  31  5:00  Starport  
  31  5:15  Missile Turret  
  31  5:26  Stimpack  
  31  5:31  Supply Depot  
  31  5:47  Supply Depot  
  31  5:53  SCV, Medivac, Marauder  
  36  6:05  SCV  
  36  6:09  Marine x2  
  38  6:14  Marauder  
  38  6:17  Missile Turret, SCV  
  41  6:24  Medivac  
  43  6:29  SCV  
  44  6:41  SCV  
  42  6:57  Marine x2  
  42  6:59  Marauder  
  46  7:02  Supply Depot  
  46  7:15  Marine  
  47  7:24  Marauder, Medivac, Marine  
  52  7:33  Marine  
  52  7:36  Supply Depot  
  53  7:38  Supply Depot  
  53  7:42  Marine  
  54  7:51  Marine  
  54  7:58  Marauder  
  57  7:59  Marine  
Tags
 
Add a new tag
Caveats
  • Supply blocks, unpowered buildings, or Contaminate may cause inaccurate times.
  • Supply counts are checked every 10 seconds.